 Dungeon Crawl Stone Soup version 0.29-a0-1047-g7c58e119a4 (webtiles) character file.

Game seed: 6482592361605498052

2 ytrimaz the Insei (level 1, 7/15 HPs)
             Began as a Demonspawn Transmuter on Aug 17, 2022.
             Was a Follower of Qazlal.
             Quit the game on level 1 of the Dungeon.
             The game lasted 00:00:19 (71 turns).

ytrimaz the Insei (Demonspawn Transmuter)             Turns: 71, Time: 00:00:20

Health: 7/15       AC:  2    Str: 10    XL:     1   Next: 33%
Magic:  3/3        EV: 12    Int: 14    God:    Qazlal [*.....]
Gold:   10         SH:  1    Dex: 13    Spells: 3/4 levels left

rFire   . . .      SeeInvis .     - Unarmed
rCold   . . .      Faith    .   (no shield)
rNeg    . . .      Spirit   .   a - +0 robe
rPois   .          Reflect  .   (no helmet)
rElec   .          Harm     .   (no cloak)
rCorr   .          Rampage  .   (no gloves)
Will    .....                   (no boots)
Stlth   +.........              (no amulet)
HPRegen 0.05/turn               (no ring)
MPRegen 0.08/turn               (no ring)

@: no status effects
A: no striking features
a: Renounce Religion


You were on level 1 of the Dungeon.
You worshipped Qazlal.
Qazlal was aware of your devotion.
You visited 1 branch of the dungeon, and saw 1 of its levels.

You collected 10 gold pieces.

Inventory:

Armour
 a - a +0 robe (worn)
Scrolls
 c - a scroll of teleportation {unknown}
Potions
 b - a potion of lignification
 d - 2 potions of mutation {unknown}


   Skills:
 - Level 1.0 Fighting
 - Level 1.7 Dodging
 + Level 2.8 Unarmed Combat
 - Level 2.0 Spellcasting
 + Level 1.8 Transmutations


You had 3 spell levels left.
You knew the following spells:

 Your Spells              Type           Power      Damage    Failure   Level
a - Beastly Appendage     Tmut           12%        N/A       11%         1

Your spell library contained the following spells:

 Spells                   Type           Power      Damage    Failure   Level
 Wereblood                Tmut           6%         N/A       17%         2
 Spider Form              Tmut/Pois      3%         N/A       43%         3
 Gell's Gravitas          Tloc           1%         N/A       56%         3
 Lesser Beckoning         Tloc           1%         N/A       56%         3
 Teleport Other           Tloc           1%         N/A       56%         3
 Ice Form                 Ice/Tmut       3%         N/A       85%         4


Dungeon Overview and Level Annotations

Branches:
Dungeon (1/15)

Altars:
Qazlal


Message History

Found a staircase leading out of the dungeon.
You pick up a book of Displacement and begin reading...
You add the spells Lesser Beckoning, Gell's Gravitas and Teleport Other to your library.
You now have 10 gold pieces.
c - a scroll labelled DUOSIP XUHUUS You enter the shallow water.
Moving in this stuff is going to be slow.
d - 2 fizzy black potions Something hits the demonic plant. x3
A nearby demonic plant withers and dies.
The bat completely misses the demonic plant. x2
A bat is nearby!
A bat is nearby!
Unknown command.
Okay, then.
The bat hits you but does no damage. The bat barely misses you.
You hit the bat.
You kill the bat!
No target in view!
No target in view!
The endoplasm quivers.
Found a faded altar of an unknown god.
The endoplasm freezes you.
You are frozen.
You hit the endoplasm.
The endoplasm is almost dead.
The endoplasm freezes you.
You are frozen.
You hit the endoplasm.
You kill the endoplasm!
You are too injured to fight recklessly!
Found 2 poisoned darts.
Found 3 stones.
There is a faded altar of an unknown god here.
You cannot tell which god this altar belongs to.
Convert to them anyway?
Qazlal accepts your prayer! Qazlal welcomes you!
Qazlal grants you and your divine allies immunity to clouds.
You are now surrounded by a storm.
Are you sure you want to abandon this character and quit the game? (Confirm with "yes".) #P.PP.P.# ###.(.PP.P### #.#...P...#.# #PPP..P.PP#

#.P...P..P#
#...P...PP#
#..PP..P..#
#####@#####
#PP.P.P.P.#
#.PP.P....#
#......P..#
#...P.P..P#
..(#...P.P.#....
...#P.P....##...
## #PPP....# ...
# #.##.P.##.# #


There were no monsters in sight!

Vanquished Creatures
  A bat (D:1)
  An endoplasm (D:1)
2 creatures vanquished.

Vanquished Creatures (others)
  4 demonic plants (D:1)
4 creatures vanquished.

Grand Total: 6 creatures vanquished

Notes
Turn   | Place    | Note
-------+----------+-------------------------------------------
     0 | D:1      | ytrimaz the Demonspawn Transmuter began the quest for the
                  | Orb.
     0 | D:1      | Reached XP level 1. HP: 15/15 MP: 3/3
    60 | D:1      | Found a faded altar of an unknown god.
    70 | D:1      | Prayed at the altar of an unknown god.
    70 | D:1      | Became a worshipper of Qazlal Stormbringer
    70 | D:1      | Reached * piety under Qazlal
    71 | D:1      | Quit the game

Illustrated notes

Levels and vault maps discovered:
D:1:      giann_bridges, layout_basic, serial_forest, infiniplex_forest_lined_3,
          infiniplex_forest_lined_room_3, infiniplex_forest_corner_1,
          infiniplex_forest_lined_3_way, infiniplex_forest_lined_corner,
          shapermc_ecumenical_altar_gd

Action                   || total
-------------------------++-------
Melee: Unarmed           ||     3
Armor: Robe              ||     1
Dodge: Dodged            ||     1

Table legend: (Time is in decaauts)
 A = Elapsed time spent in this place.
 B = Non-inter-level travel time spent in this place.
 C = Inter-level travel time spent in this place.
 D = Time resting spent in this place.
 E = Time spent auto-exploring this place.
 F = Levels seen in this place.
 G = Mean time per level.
                   A        B        C        D        E       F      G
               +--------+--------+--------+--------+--------+-----+--------+
         Total |     73 |     73 |      0 |      0 |     50 |   1 |   73.0 |
       Dungeon |     73 |     73 |      0 |      0 |     50 |   1 |   73.0 |
               +--------+--------+--------+--------+--------+-----+--------+

Top non-repeatable levels by time:
     D:1: 73 daAuts
